Tea, chaotic male elven Priest -.... G .))).. %.G.... .h@... ...<.. -...%. --....^ Tea the Acolyte Experience level: 5 Strength: 10 Dexterity: 13 Constitution: 14 Intelligence: 11 Wisdom: 19 Charisma: 9 Health: 0(44) Energy: 70(70) Def: 6 Gold: 0 Moves: 1617 Dungeon seed: 0bhb0YprzQjQ0-p3 Game ID: Tea_1614520728 Your Inventory: Weapons a - a blessed +1 mace (weapon in hand) G - 9 blessed +1 arrows H - 8 blessed +0 arrows (in quiver) I - a blessed +1 bow (alternate weapon; not wielded) Q - 3 +0 darts Armor n - a +0 small shield (being worn) q - a rusty +0 orcish helm (being worn) r - a +0 studded leather armor (being worn) K - a +0 dwarvish cloak (being worn) L - a +0 pair of iron shoes (being worn) Comestibles c - a clove of garlic d - a sprig of wolfsbane o - a food ration Potions b - 3 potions of holy water k - a potion of monster detection D - a potion of booze O - a blessed potion of invisibility Rings B - a ring of stealth (on left hand) Wands P - a wand of undead turning (0:7) Tools h - a bugle J - a +0 pick-axe M - a sack Gems e - a worthless piece of yellowish brown glass y - 2 chrysoberyl stones z - a worthless piece of red glass Contents of the sack: 54 gold pieces a spellbook of detect monsters a spellbook of healing Spells and supernatural/magical abilities: Name Level Category Fail Memory h - healing 1 healing 21% 92% n - detect monsters 1 divination 39% 92% W - pray for help -- divine ? -- X - turn undead -- divine ? -- Your skills at the end: Fighting Skills Weapon Skills mace [Basic] Spellcasting Skills clerical spells [Basic] Final Attributes: You were piously aligned. You were sleep resistant. You were telepathic. You had infravision. You were stealthy. You are dead. Vanquished creatures: a large mimic a gnome lord a gnomish wizard a floating eye a kitten 3 dwarves a kobold lord 2 giant bats an iguana a gas spore 12 gnomes a gecko 2 jackals a fox a kobold a goblin 4 grid bugs 2 bats 2 lichens 3 newts 42 creatures vanquished. Voluntary challenges: You used a wielded weapon 65 times, starting on turn 39. You read items or engraved 3 times, starting on turn 406. You never genocided any monsters. You never polymorphed an object. You never changed form. You used no wishes. You never split a pudding. You never wrote Elbereth's name. You violated your moral code, losing 15 points of alignment, starting on turn 1288. Dungeon overview: The Dungeons of Doom: levels 1 to 2 Level 1 a long staircase Level 2 a general store stairs to The Gnomish Mines The Gnomish Mines: levels 3 to 4 Level 3 stairs to The Dungeons of Doom Level 4 <- You were here History has recorded: On T:1 you entered the Dungeons of Doom to retrieve the Amulet of Yendor! On T:353 you reached level 2 of The Dungeons of Doom. On T:400 you advanced to experience level 2. On T:776 you advanced to experience level 3. On T:908 you reached level 1 of The Gnomish Mines. On T:910 you advanced to experience level 4. On T:1225 you advanced to experience level 5. On T:1570 you reached level 2 of The Gnomish Mines. Score breakdown: Gold: 54 ( 5920 points) Experience: 5 levels (11141 points) Exploration: 4 levels ( 8.16%) ( 7500 points) Discoveries: 7 items ( 2.44%) ( 4685 points) Valuables value: (no points given unless you survive) Artifact value: 0 ( 0 points) Variety of kills: 20 monsters ( 5.25%) ( 6873 points) Turncount: 1617 turns ( 0 points) Survival: died (score multiplied by 80%) Total score: 28895 Latest messages: You hit the dwarf! The dwarf hits! You kill the dwarf! The gnome shoots an arrow! You are almost hit by an arrow. You hit the gnomish wizard. The gnomish wizard casts a spell at you! You get a slight headache. You miss the gnomish wizard. The gnomish wizard points at you, then curses. You miss the gnomish wizard. The gnomish wizard points at you, then curses. The gnomish wizard points all around, then curses. The dwarf wields a pick-axe! The gnome shoots an arrow! The arrow misses the gnomish wizard. You are hit by an arrow! You see here a bag. You have a little trouble lifting M - a bag. The gnomish wizard casts a spell at you! You get a slight headache. The gnomish wizard points all around, then curses. The dwarf swings his pick-axe. The dwarf hits! You die... Final status: Goodbye Tea the Priest, killed by a dwarf... You died in The Gnomish Mines on dungeon level 4 with 28895 points, and 54 pieces of gold, after 1617 moves. You were level 5 with a maximum of 44 hit points when you died.